 Dungeon Crawl Stone Soup version 0.28-a0-465-ge2dae52223 (webtiles) character file.

Game seed: 11595186676077066568

498 robertstho the Magician (level 7, -13/48 HPs)
             Began as a Djinni Fire Elementalist on Sept 14, 2021.
             Mangled by a shadow (32 damage)
             ... on level 5 of the Dungeon.
             The game lasted 00:04:52 (5578 turns).

robertstho the Magician (Djinni Fire Elementalist)  Turns: 5578, Time: 00:04:52

Health: -13/48     AC:  3    Str:  7    XL:     7   Next: 39%
Gold:   135        EV: 12    Int: 19    God:
                   SH:  0    Dex: 13

rFire   + + .      SeeInvis .   e - +1 dagger (venom)
rCold   x . .      Faith    .   (no shield)
rNeg    . . .      Spirit   .   a - +0 robe
rPois   ∞          Reflect  .   (no helmet)
rElec   .          Harm     .   m - +0 cloak
rCorr   .          Rampage  .   (no gloves)
Will    .....                   (boots unavailable)
Stlth   ++........              (no amulet)
HPRegen 0.16/turn               (no ring)
MPRegen 0.00/turn               (no ring)

@: flying
A: sickness immunity, fire resistance 2, cold vulnerability 1, float, innate
caster, hp casting, extra vitality 1
a: no special abilities


You were on level 5 of the Dungeon.
You visited 1 branch of the dungeon, and saw 5 of its levels.

You collected 135 gold pieces.

Inventory:

Hand Weapons
 c - a +0 short sword
 e - a +1 dagger of venom (weapon)
 l - a +2 dagger of draining
Armour
 a - a +0 robe (worn)
 m - a +0 cloak (worn)
Scrolls
 b - a scroll of torment {unknown}
 g - a scroll of brand weapon {unknown}
 i - a scroll of fog {unknown}
 j - 3 scrolls of identify {unknown}
 k - a scroll of summoning {unknown}
 n - a scroll of noise {unknown}
 o - a scroll of enchant armour {unknown}
 q - a scroll of teleportation {unknown}
Potions
 d - 4 potions of heal wounds {unknown}
 f - 2 potions of brilliance {unknown}
 h - a potion of invisibility {unknown}
 p - a potion of might {unknown}


   Skills:
 * Level 1.9 Fighting
 + Level 0.2 Short Blades
 + Level 2.3 Dodging
 + Level 2.3 Stealth
 * Level 5.6 Spellcasting


You couldn't memorise any spells.
You knew the following spells:

 Your Spells              Type           Power      Damage    Failure   Level
a - Foxfire               Conj/Fire      100%       2x1d9     1%          1
b - Scorch                Fire           52%        2d8       1%          2
c - Conjure Flame         Conj/Fire      26%        6-21      3%          3
d - Inner Flame           Hex/Fire       26%        N/A       3%          3
e - Flame Wave            Conj/Fire      26%        3d6       12%         4
f - Pain                  Necr           100%       1d9       1%          1
g - Call Imp              Summ           26%        N/A       1%          2
h - Frozen Ramparts       Ice            52%        1d7       3%          3
Your spell library was empty.

Dungeon Overview and Level Annotations

Branches:
Dungeon (5/15)
 Temple: D:4-7

Altars:
Nemelex Xobeh

Annotations:
D:5 4 runed translucent doors


Innate Abilities, Weirdness & Mutations

You are immune to sickness and miasma.
You are immune to poison.
Your flesh is very heat resistant. (rF++)
You are vulnerable to cold. (rC-)
You float through the air rather than walking.
You learn spells naturally, not from books.
Your magical power is your life essence.
You have superior vitality. (+4 HP)


Message History

Nothing appears to happen.
Casting: Scorch (safe; 1% risk of failure)
Confirm with . or Enter, or press ? or * to list all spells.
Flames lash the adder.
The adder is severely wounded.
The adder's fire resistance burns away.
The adder closely misses you.
Casting: Scorch (safe; 1% risk of failure)
Confirm with . or Enter, or press ? or * to list all spells.
Flames lash the adder.
The adder is burned terribly!
You kill the adder!
Unknown command.
Your magical contamination has completely faded away.
A shadow comes into view.
A shadow is nearby!
A shadow is nearby!
A shadow is nearby!
A shadow is nearby!
Casting: Scorch (safe; 1% risk of failure)
Confirm with . or Enter, or press ? or * to list all spells.
Flames lash the shadow.
The shadow is moderately damaged.
The shadow's fire resistance burns away.
Casting: Scorch (safe; 1% risk of failure)
Confirm with . or Enter, or press ? or * to list all spells.
Flames lash the shadow.
The shadow is burned terribly!
The shadow is heavily damaged.
The shadow hits you.
Casting: Scorch (safe; 1% risk of failure)
Confirm with . or Enter, or press ? or * to list all spells.
Flames lash the shadow.
The shadow is burned terribly!
The shadow is severely damaged.
The shadow slips into darkness.
The shadow flickers and vanishes!
Deactivating autopickup; reactivate with Ctrl-A.
Casting: Scorch (safe; 1% risk of failure)
Confirm with . or Enter, or press ? or * to list all spells.
Flames lash something.
The shadow strikes at you from the darkness!
Ouch! That really hurt!
You die...

#.............# #........
###....##++##.+ #......#.
#.###...##8zy8### #......#.
#.......#8....8# #.###.##.
###.....#}..../# #..# #.##.
#####.#!....[# #..###.##.
#####.#8....8# ##........
#<##..##8..8##### #..#.##..
#.##...##++##@{.# #........
####.#..#........#..#
#....##.#
.................# ##
#...##...
#######.....##...##
##..##....
#.....##....######...#.....
#.....##..#.............._.
########.............#.....
#####...###.#.##....
#....#..(#..##...


There were no monsters in sight!

Vanquished Creatures
  A water moccasin (D:5)
  An ice beast (D:5)
  A howler monkey (D:3)
  A centaur zombie (D:5)
  An orc priest (D:3)
  2 bullfrog skeletons (D:5)
  A hound skeleton (D:4)
  4 adders
  A worm (D:2)
  3 dart slugs
  7 orcs
  8 ball pythons
  7 endoplasms
  4 giant cockroaches
  11 goblins
  7 hobgoblins
  3 quokkas
  5 bats
  7 frilled lizards
  7 kobolds
  3 rats
85 creatures vanquished.

Vanquished Creatures (others)
  394 foxfires
394 creatures vanquished.

Grand Total: 479 creatures vanquished

Notes
Turn   | Place    | Note
-------+----------+-------------------------------------------
     0 | D:1      | robertstho the Djinni Fire Elementalist began the quest for
                  | the Orb.
     0 | D:1      | Reached XP level 1. HP: 15/15 MP: 0/0
   300 | D:1      | Reached XP level 2. HP: 15/21 MP: 0/0
   644 | D:1      | Reached skill level 3 in Spellcasting
   667 | D:1      | Reached XP level 3. HP: 18/26 MP: 0/0
   667 | D:1      | Learned a level 1 spell: Pain
  1845 | D:2      | Reached XP level 4. HP: 22/31 MP: 0/0
  2510 | D:2      | Found a faded altar of an unknown god.
  3092 | D:3      | Reached skill level 1 in Fighting
  3092 | D:3      | Reached skill level 4 in Spellcasting
  3092 | D:3      | Reached XP level 5. HP: 15/37 MP: 0/0
  3092 | D:3      | Learned a level 2 spell: Call Imp
  4637 | D:4      | Reached XP level 6. HP: 34/42 MP: 0/0
  5313 | D:5      | Entered Level 5 of the Dungeon
  5317 | D:5      | Found a large runed translucent door.
  5318 | D:5      | Found a large runed translucent door.
  5324 | D:5      | Found a large runed translucent door.
  5324 | D:5      | Found a large runed translucent door.
  5325 | D:5      | Noticed a vampire mosquito
  5335 | D:5      | Noticed an ice beast
  5340 | D:5      | Killed an ice beast
  5399 | D:5      | Found a sparkling altar of Nemelex Xobeh.
  5407 | D:5      | Reached skill level 5 in Spellcasting
  5522 | D:5      | Reached XP level 7. HP: 42/48 MP: 0/0
  5522 | D:5      | Learned a level 3 spell: Frozen Ramparts
  5522 | D:5      | Noticed a water moccasin
  5526 | D:5      | Killed a water moccasin
  5574 | D:5      | Noticed a shadow
  5578 | D:5      | Mangled by a shadow

Illustrated notes

Levels and vault maps discovered:
D:1:      wander_arrival_fairy_ring, layout_rooms, nrook_uturn,
          minmay_close_crescents
D:2:      layout_basic, shapermc_ecumenical_altar_mp_highgroup,
          minmay_split_cup_large
D:3:      layout_basic
D:4:      layout_loops_cross
D:5:      layout_basic, lemuel_round_altar, minmay_hollow_rounded_squares

Skill      XL: |  1  2  3  4  5  6 |
---------------+-------------------+-----
Spellcasting   | 3 4 5 |  5.6
Stealth        | 2 |  2.3
Fighting       | 1 |  1.9
Short Blades   | |  0.2
Dodging        | |  2.3

Action                   |  1- 3 |  4- 6 |  7- 9 || total
-------------------------+-------+-------+-------++-------
Melee: Short sword       |     1 |       |       ||     1
       Dagger            |       |     4 |       ||     4
 Cast: Foxfire           |    96 |   147 |       ||   243
       Scorch            |       |     9 |    10 ||    19
Armor: Robe              |     2 |     6 |       ||     8
Dodge: Dodged            |     4 |    25 |     2 ||    31

Table legend: (Time is in decaauts)
 A = Elapsed time spent in this place.
 B = Non-inter-level travel time spent in this place.
 C = Inter-level travel time spent in this place.
 D = Time resting spent in this place.
 E = Time spent auto-exploring this place.
 F = Levels seen in this place.
 G = Mean time per level.
                   A        B        C        D        E       F      G
               +--------+--------+--------+--------+--------+-----+--------+
         Total |   5576 |   5401 |    175 |    226 |   4598 |   5 | 1115.2 |
       Dungeon |   5576 |   5401 |    175 |    226 |   4598 |   5 | 1115.2 |
               +--------+--------+--------+--------+--------+-----+--------+

Top non-repeatable levels by time:
     D:1: 1737 daAuts
     D:3: 1476 daAuts
     D:2: 1256 daAuts
     D:4: 840 daAuts
     D:5: 264 daAuts
